 Dungeon Crawl Stone Soup version 0.28-a0-1594-ga885d4b3d6 (webtiles) character file.

Game seed: 9402897387574687695

662 fragbeetle the Chiller (level 7, -21/52 HPs)
             Began as a Merfolk Ice Elementalist on Jan 21, 2022.
             Demolished by a two-headed ogre (25 damage)
             ... on level 5 of the Dungeon.
             The game lasted 00:09:31 (5090 turns).

fragbeetle the Chiller (Merfolk Ice Elementalist)   Turns: 5090, Time: 00:09:32

Health: -21/52     AC:  7    Str: 10    XL:     7   Next: 56%
Magic:  14/19      EV: 12    Int: 15    God:
Gold:   151        SH:  4    Dex: 14    Spells: 3/10 levels left

rFire   . . .      SeeInvis .   x - +0 trident
rCold   . . .      Faith    .   n - +0 buckler
rNeg    . . .      Spirit   .   e - +0 leather armour
rPois   +          Reflect  .   (no helmet)
rElec   .          Harm     .   (no cloak)
rCorr   .          Rampage  .   (no gloves)
Will    .....                   (no boots)
Stlth   +++.......              (no amulet)
HPRegen 0.17/turn               c - ring of poison resistance
MPRegen 0.16/turn               B - ring of magical power

@: ice-armoured, freezing walls
A: (nimble swimmer 2), mertail
a: no special abilities


You were on level 5 of the Dungeon.
You visited 1 branch of the dungeon, and saw 5 of its levels.

You collected 151 gold pieces.

Inventory:

Hand Weapons
 x - a +0 trident (weapon)
Missiles
 f - 4 javelins
 l - 5 poisoned darts
 v - 2 throwing nets
Armour
 a - a +0 robe
 e - a +0 leather armour (worn)
 n - a +0 buckler (worn)
Jewellery
 c - a ring of poison resistance (left hand)
 g - a ring of protection from cold
 p - a ring of protection from cold
 s - a ring of protection from cold
 B - a ring of magical power (right hand)
Wands
 w - a wand of flame (14)
Scrolls
 d - 3 scrolls of identify {unknown}
 h - a scroll of holy word {unknown}
 k - a scroll of magic mapping {unknown}
 o - a scroll of enchant weapon {unknown}
 q - a scroll of torment {unknown}
 r - a scroll of teleportation {unknown}
 t - a scroll of enchant armour {unknown}
 y - a scroll of fog {unknown}
 z - a scroll of amnesia {unknown}
 D - a scroll of fear {unknown}
Potions
 b - a potion of berserk rage {unknown}
 i - a potion of mutation {unknown}
 j - a potion of degeneration {unknown}
 m - 3 potions of magic {unknown}
 u - a potion of resistance {unknown}
 A - a potion of heal wounds {unknown}
 C - a potion of lignification {unknown}


   Skills:
 + Level 3.4 Fighting
 * Level 2.3 Polearms
 - Level 4.0 Dodging
 + Level 4.6 Stealth
 + Level 2.3 Shields
 - Level 2.0 Spellcasting
 * Level 6.9 Ice Magic


You had 3 spell levels left.
You knew the following spells:

 Your Spells              Type           Power      Damage    Failure   Level
a - Freeze                Ice            88%        1d10      2%          1
b - Frozen Ramparts       Ice            44%        1d6       7%          3
c - Ozocubu's Armour      Ice            22%        N/A       7%          3

Your spell library contained the following spells:

 Spells                   Type           Power      Damage    Failure   Level
 Magic Dart               Conj           4%         1d3       36%         1
 Searing Ray              Conj           2%         2d4       52%         2
 Gell's Gravitas          Tloc           1%         N/A       75%         3
 Lesser Beckoning         Tloc           1%         N/A       75%         3
 Teleport Other           Tloc           1%         N/A       75%         3
 Hailstorm                Conj/Ice       11%        3d5       67%         4
 Fulminant Prism          Conj/Hex       0%         3d6       98%         4


Dungeon Overview and Level Annotations

Branches:
Dungeon (5/15)
 Temple: D:4-7

Altars:

Shops:
D:2 [


Innate Abilities, Weirdness & Mutations

((You are very nimble when in or above water. (Stealth+, EV+, Speed+++)))
Your lower body shifts to a powerful aquatic tail in water.


Message History

The two-headed ogre is poisoned.
The two-headed ogre looks more healthy.
Throw: 6 darts (poison)
Press: ? - help, Shift-Dir - straight line, f/p - two-headed ogre
Aim: a two-headed ogre, wielding two +0 giant clubs (lightly wounded, 74% to hit)
You throw a poisoned dart.
The poisoned dart hits the two-headed ogre.
The two-headed ogre is poisoned.
The two-headed ogre is lightly wounded.
Casting: Ozocubu's Armour (dangerous; 7% risk of failure)
Confirm with . or Enter, or press ? or * to list all spells.
Casting: Frozen Ramparts (dangerous; 7% risk of failure)
Press: ? - help, Dir - look around, f - activate The walls around you are covered in ice.
The wall freezes the two-headed ogre.
Casting: Frozen Ramparts (dangerous; 7% risk of failure)
Confirm with . or Enter, or press ? or * to list all spells.
A film of ice covers your body!
The wall freezes the two-headed ogre.
You hit the two-headed ogre.
The two-headed ogre is lightly wounded.
The wall freezes the two-headed ogre.
The two-headed ogre hits you with a +0 giant club!!
Ouch! That really hurt!
The two-headed ogre hits you with a +0 giant club!
* * * LOW HITPOINT WARNING * * *
You barely miss the two-headed ogre.
The two-headed ogre is moderately wounded.
The wall freezes the two-headed ogre.
You block the two-headed ogre's attack. The two-headed ogre barely misses you.
You hit the two-headed ogre.
The two-headed ogre is moderately wounded.
The two-headed ogre looks more healthy.
The wall freezes the two-headed ogre.
The two-headed ogre hits you with a +0 giant club!
* * * LOW HITPOINT WARNING * * *
The two-headed ogre misses you.
You hit the two-headed ogre but do no damage.
The two-headed ogre is heavily wounded.
The wall freezes the two-headed ogre.
The two-headed ogre hits you with a +0 giant club!!
You die...

...................#
...................#
..................(#
...................#
##########'##...(######
#..#........#....#
#..#........#....#
#..##..###..#...O#
#..##..###..#...@#
#..#....#...#....#
#..#....#...#....#
#..'....+...#....#
#..#....#...#....#
#####.#######....#
#..##.###..#####..
#....(.....+ #..
#..........#


You could see a two-headed ogre.

Vanquished Creatures
  Menkaure (D:4)
  2 ogres
  A centaur (D:5)
  2 scorpions
  A centaur zombie (D:4)
  A hound (D:4)
  5 adders
  2 dart slugs (D:4)
  8 orcs
  5 bats
  5 endoplasms
  4 giant cockroaches
  9 hobgoblins
  5 ball pythons
  A frilled lizard (D:2)
  11 goblins
  5 kobolds
  3 rats
71 creatures vanquished.

Notes
Turn   | Place    | Note
-------+----------+-------------------------------------------
     0 | D:1      | fragbeetle the Merfolk Ice Elementalist began the quest for
                  | the Orb.
     0 | D:1      | Reached XP level 1. HP: 13/13 MP: 3/3
   491 | D:1      | Reached XP level 2. HP: 20/20 MP: 5/5
   510 | D:1      | Found a faded altar of an unknown god.
  1024 | D:1      | Reached skill level 1 in Fighting
  1282 | D:2      | Reached XP level 3. HP: 25/26 MP: 4/6
  1448 | D:2      | Learned a level 3 spell: Frozen Ramparts
  1694 | D:2      | Found Uphiapp's Antique Armour Shoppe.
  2185 | D:3      | Reached skill level 5 in Ice Magic
  2577 | D:3      | Reached XP level 4. HP: 32/32 MP: 3/7
  2615 | D:3      | Noticed a scorpion
  3083 | D:2      | Learned a level 3 spell: Ozocubu's Armour
  3309 | D:3      | Killed a scorpion
  3310 | D:3      | Reached XP level 5. HP: 38/38 MP: 4/8
  3729 | D:4      | Noticed Menkaure
  3735 | D:4      | Reached skill level 1 in Shields
  3735 | D:4      | Reached skill level 6 in Ice Magic
  3735 | D:4      | Reached XP level 6. HP: 44/46 MP: 2/9
  3744 | D:4      | Killed Menkaure
  4171 | D:4      | Reached XP level 7. HP: 40/52 MP: 3/10
  4933 | D:5      | Entered Level 5 of the Dungeon
  4941 | D:5      | Reached skill level 1 in Polearms
  5072 | D:5      | Noticed a two-headed ogre
  5090 | D:5      | Demolished by a two-headed ogre

Illustrated notes

Levels and vault maps discovered:
D:1:      evilmike_arrival_rings, layout_rooms, serial_curves, eino_curves_03,
          eino_curves_04, eino_curves_04, eino_curves_03,
          shapermc_ecumenical_altar_mp_highgroup
D:2:      layout_loops_ring, serial_shops, shop
D:3:      layout_loops_ring
D:4:      layout_cave_pods, minmay_misc_feat_more_columns, ldierk_geyser,
          uniq_menkaure
D:5:      layout_gridville

Skill      XL: |  1  2  3  4  5  6  7 |
---------------+----------------------+-----
Dodging        | 3 4 |  4.0
Fighting       | 1 2 3 |  3.4
Ice Magic      | 5 6 |  6.9
Stealth        | 3 4 |  4.6
Shields        | 1 2 |  2.3
Polearms       | 2 |  2.3
Spellcasting   | |  2.0

Action                   |  1- 3 |  4- 6 |  7- 9 || total
-------------------------+-------+-------+-------++-------
Melee: Unarmed           |    21 |       |       ||    21
       Whip              |    95 |    50 |    18 ||   163
       Punch             |     1 |       |       ||     1
       Trident           |       |       |    25 ||    25
Throw: Dart              |       |     8 |     4 ||    12
 Cast: Freeze            |    24 |    15 |       ||    39
       Frozen Ramparts   |       |     4 |     5 ||     9
       Ozocubu's Armour  |       |     2 |     4 ||     6
 Stab: Sleeping          |     7 |       |       ||     7
Armor: Robe              |    10 |       |       ||    10
       Leather armour    |    19 |    11 |    14 ||    44
Dodge: Dodged            |    71 |    40 |    31 ||   142
Block: Buckler           |       |     1 |    10 ||    11

Table legend: (Time is in decaauts)
 A = Elapsed time spent in this place.
 B = Non-inter-level travel time spent in this place.
 C = Inter-level travel time spent in this place.
 D = Time resting spent in this place.
 E = Time spent auto-exploring this place.
 F = Levels seen in this place.
 G = Mean time per level.
                   A        B        C        D        E       F      G
               +--------+--------+--------+--------+--------+-----+--------+
         Total |   5112 |   5002 |    110 |   1303 |   2732 |   5 | 1022.4 |
       Dungeon |   5112 |   5002 |    110 |   1303 |   2732 |   5 | 1022.4 |
               +--------+--------+--------+--------+--------+-----+--------+

Top non-repeatable levels by time:
     D:4: 1460 daAuts
     D:2: 1187 daAuts
     D:1: 1181 daAuts
     D:3: 1121 daAuts
     D:5: 161 daAuts
